AoeStats
← maimadana

Arabia

509478804Analyzed
1v1 RM · 6d ago on Sep 26, 2026· 36m 47s· 2 players
Game mode
Random Map
Map size
Tiny (2 player)
Population
200
Speed
Normal
Resources
Standard
Victory
Conquest
Starting age
Dark Age
Ending age
Imperial Age
RankedLock teamsTeams togetherTeam positionsShared explorationLock speedFull tech treeHidden civsTurbo modeCheats
Victory
Defeat
🇦🇷 Bulgarians · Argentina
881
+17
🇨🇿 Tatars · Czechia
896
-26
Bacham
6:31 Loom
9:41 Feudal Age
12:48 Horse Collar
18:05 Forging
17:56 Scale Mail Armor
19:25 Scale Barding Armor
19:23 Double-Bit Axe
20:51 Bloodlines
23:35 Castle Age
22:41 Wheelbarrow
23:59 Bloodlines
25:08 Bow Saw
25:03 Heavy Plow
24:25 Pikeman
25:07 Squires
24:53 Arson
25:14 Husbandry
26:12 Light Cavalry
31:26 Chain Barding Armor
31:42 Iron Casting
31:23 Chain Mail Armor
34:37 Stirrups
maimadana
4:42 Loom
10:40 Feudal Age
11:25 Double-Bit Axe
18:02 Horse Collar
21:40 Forging
24:22 Scale Barding Armor
27:13 Castle Age
26:09 Fletching
26:21 Padded Archer Armor
28:43 Pikeman
29:42 Gold Mining
29:56 Heavy Plow
30:09 Bow Saw
30:23 Bloodlines
31:18 Wheelbarrow
30:53 Bodkin Arrow
31:14 Leather Archer Armor
35:39 Scale Mail Armor
Connection lost

Rejoining the realm…

Still unreachable

The connection could not be restored.

Session expired

The server has moved on; the page needs a fresh start.